 Dungeon Crawl Stone Soup version 0.30-a0-170-g85af917532 (webtiles) character file.

Game seed: 15329912972970484372

61509 qw the Severer (level 15, -2/96 HPs)
             Began as a Gargoyle Fighter on Sept 30, 2022.
             Was an Elder of Okawaru.
             Killed from afar by a tengu reaver (28 damage)
             ... with a bolt of cold
             ... on level 13 of the Dungeon.
             The game lasted 00:07:23 (20328 turns).

qw the Severer (Gargoyle Fighter)                  Turns: 20328, Time: 00:07:24

Health: -2/96      AC: 39    Str: 27    XL:     15   Next: 3%
Magic:  22/22      EV: 10    Int:  9    God:    Okawaru [****..]
Gold:   1308       SH: 12    Dex:  9    Spells: 14/14 levels left

rFire   + . .      SeeInvis +    n - +5 broad axe "Timuocoe" {vorpal, rF+ rN++}
rCold   . . .      Faith    .    c - +0 buckler
rNeg    + + +      Spirit   .    i - +0 plate armour
rPois   inf        Reflect  +    (no helmet)
rElec   +          Harm     .    g - +2 cloak
rCorr   .          Rampage  .    f - +2 pair of gloves
Will    +....                    (no boots)
Stlth   ..........               w - amulet of reflection
HPRegen 0.26/turn                s - +4 ring of protection
MPRegen 0.18/turn                l - ring of see invisible

@: heroic, flying
A: sickness immunity, AC +11, big wings, negative energy resistance 1,
electricity resistance, torment resistance 1, petrification resistance
a: Renounce Religion, Heroism, Finesse


You were on level 13 of the Dungeon.
You worshipped Okawaru.
Okawaru was greatly pleased with you.
You visited 3 branches of the dungeon, and saw 19 of its levels.

You collected 1396 gold pieces.
You spent 88 gold pieces at shops.


Innate Abilities, Weirdness & Mutations

You are immune to sickness and miasma.
Your stone body is resilient. (AC +11)
You are immune to poison.
Your large and strong wings let you fly.
You resist negative energy. (rN+)
You are resistant to electric shocks. (rElec)
You are resistant to unholy torment.
You are immune to petrification.


   Skills:
 - Level 12.0(17.0) Fighting
 - Level 16.0(21.0) Axes
 + Level 6.1(11.1) Throwing
 - Level 11.0(16.0) Armour
 - Level 3.0(8.0) Dodging
 - Level 8.2(13.2) Shields
 - Level 10.0 Invocations


You had 14 spell levels left.
You didn't know any spells.
Your spell library was empty.

Inventory:

Hand Weapons
 b - a +2 morningstar of draining
 n - the +5 broad axe "Timuocoe" (weapon) {vorpal, rF+ rN++}
   (You acquired it on level 8 of the Dungeon)

   It inflicts extra damage upon your enemies.
   rF:        It protects you from fire.
   rN:        It greatly protects you from negative energy.
 r - a +4 broad axe of electrocution
Missiles
 u - 6 boomerangs
 y - 10 javelins
 z - 5 silver javelins (quivered)
Armour
 c - a +0 buckler (worn)
 f - a +2 pair of gloves (worn)
 g - a +2 cloak (worn)
 i - a +0 plate armour (worn)
 v - the +6 chain mail of Ytelu {Harm}
   (Okawaru gifted it to you on level 12 of the Dungeon)

   Harm:      It increases damage dealt and taken.
 x - +0 acid dragon scales
 D - the +2 pair of boots of Supple Strength {Str+6}
   (You found it on level 13 of the Dungeon)

   Str:       It affects your strength (+6).
 H - a +1 plate armour of poison resistance
Jewellery
 l - a ring of see invisible (right hand)
 m - a ring of fire
 p - a ring of ice
 s - a +4 ring of protection (left hand)
 w - an amulet of reflection (around neck)
 B - a +4 ring of evasion
 G - an amulet of faith
Scrolls
 h - 12 scrolls of identify
 C - a scroll of torment {unknown}
 E - a scroll of fear {unknown}
 I - a scroll of enchant weapon
Potions
 a - 2 potions of mutation
 d - 4 potions of might
 e - 6 potions of haste
 k - 7 potions of lignification
 o - 5 potions of attraction
 q - 2 potions of magic
 t - a potion of cancellation
 F - 2 potions of curing

Dungeon Overview and Level Annotations

Branches:
Dungeon (13/15)            Temple (1/1) D:7            Lair (5/5) D:9
  Swamp (0/4) Lair:2        Snake (0/4) Lair:2        Slime (0/5) Lair:4
    Orc (0/2) D:10         Vaults (0/5) D:13

Altars:
Ashenzari
Cheibriados
Dithmenos
Elyvilon
Fedhas
Gozag
Hepliaklqana
Kikubaaqudgha
Makhleb
Nemelex Xobeh
Okawaru
Qazlal
Ru
Sif Muna
Trog
Uskayaw
Vehumet
Wu Jian
Xom
Yredelemnul
Zin
The Shining One

Shops:
D:1 =*?(*   D:6 (   D:7 :   D:9 :

Annotations:
Lair:4 1 runed translucent door


Message History

The tengu reaver pecks you but does no damage.
You block the tengu reaver's attack.
20318 ||| DRINKING potion of heal wounds.
You feel much better. You block the tengu reaver's attack. x2
The tengu reaver claws you but does no damage.
The tengu reaver blocks your attack.
The tengu reaver is severely wounded.
The tengu reaver hits you but does no damage.
The tengu reaver closely misses you. The tengu reaver barely misses you.
You hit the tengu reaver.
The tengu reaver is severely wounded.
You closely miss the tengu reaver.
The tengu reaver is severely wounded.
The tengu reaver hits you but does no damage.
The tengu reaver pecks you but does no damage.
You block the tengu reaver's attack. The tengu reaver blocks your attack.
The tengu reaver is severely wounded.
You block the tengu reaver's attack.
The tengu reaver pecks you but does no damage.
You block the tengu reaver's attack.
You closely miss the tengu reaver.
The tengu reaver is severely wounded.
Your surroundings seem slightly different.
The tengu reaver points at you and mumbles some strange words.
The bolt of poison hits you but does no damage.
You resist. The tengu reaver blocks your attack.
The tengu reaver is severely wounded.
You miss the tengu reaver.
The tengu reaver is severely wounded.
The tengu reaver gestures at you while chanting.
The bolt of poison hits you but does no damage.
You resist. The tengu reaver blocks your attack.
The tengu reaver is severely wounded.
The tengu reaver gestures at you while chanting.
The bolt of cold hits you!!
You die...

#..## #.###..### #.##
#.##..## ##+###
######'##.## ......
#.........# ......
#.........# ..)...
#.........# .>....
#.........# ).....
.###.........# ......
...'..Q@.)...# ......
####.........# ######
######'#### ....#
#.....# ###'#####
##'###### ..#?..#.#
#>......#
#.#.#.#.#####.#####.#
#...#...'...'.#
#######.#####.#


You could see a tengu reaver.

Vanquished Creatures
  Snorg (D:11)
  2 fire dragons
  Fannar (Lair:1)
  3 hydras
  A vault guard (D:13)
  Erolcha (D:11)
  A centaur warrior (D:13)
  A catoblepas (Lair:5)
  3 boulder beetles
  3 death yaks (Lair:5)
  4 two-headed ogres
  A swamp dragon (Lair:5)
  2 lindwurms (Lair:5)
  A necromancer (D:13)
  3 oklob plants (Lair:4)
  2 deep elf pyromancers
  4 ugly things
  4 slime creatures (D:13)
  5 black mambas
  A manticore (D:13)
  13 elephants
  2 torpor snails
  14 cane toads
  3 gargoyles
  An efreet (D:10)
  An unseen horror (D:11)
  7 rime drakes
  2 tengu conjurers (D:13)
  An ice devil (D:10)
  4 komodo dragons
  3 trolls
  A polar bear (Lair:5)
  Prince Ribbit (D:8)
  17 blink frogs
  8 dream sheep
  A raiju (D:10)
  3 shadows
  A vampire (D:12)
  5 wyverns
  2 fire elementals (D:10)
  44 yaks
  23 humans (D:13)
  5 steam dragons
  4 basilisks
  6 vampire mosquitoes
  5 nagas (Lair:2)
  4 acid dragons
  12 water moccasins
  A floating eye (Lair:4)
  2 swamp drakes (Lair:5)
  4 orc warriors
  An ice beast (D:7)
  A sky beast (D:6)
  An ogre (D:8)
  7 centaurs
  21 wolves
  3 phantoms
  5 kobold brigands
  10 bullfrogs
  A gnoll sergeant (D:11)
  2 scorpions
  4 jellies
  4 gnoll boudas (D:8)
  7 orc priests
  An iron imp (D:11)
  9 iguanas
  14 orc wizards
  4 adders
  15 gnolls
  A shadow imp (D:6)
  3 ufetubi
  A worm (D:3)
  A dart slug (D:5)
  37 orcs
  3 bats
  7 endoplasms
  3 giant cockroaches
  9 goblins
  6 hobgoblins
  3 jackals (D:5)
  14 kobolds
  4 quokkas
  4 ball pythons
  2 frilled lizards
  3 rats
455 creatures vanquished.

Vanquished Creatures (others)
  A rime drake (D:10)
  25 fungi
  46 plants
72 creatures vanquished.

Grand Total: 527 creatures vanquished

Notes
Turn   | Place    | Note
-------+----------+-------------------------------------------
     0 | D:1      | qw the Gargoyle Fighter began the quest for the Orb.
     0 | D:1      | Reached XP level 1. HP: 14/14 MP: 1/1
     0 | D:1      | 0 ||| qw: Version: 0.2-a-12-gaebbb33
     0 | D:1      | 0 ||| qw: Game counter: 1535
     0 | D:1      | 0 ||| qw: Always use a shield: true
     0 | D:1      | 0 ||| qw: God list: Okawaru
     0 | D:1      | 0 ||| qw: Allow faded altars: false
     0 | D:1      | 0 ||| qw: Do Orc after D:15 true
     0 | D:1      | 0 ||| qw: Do second Lair branch before Depths: true
     0 | D:1      | 0 ||| qw: Lair rune preference: random
     0 | D:1      | 0 ||| qw: Plans: Normal, Zot:1-4, God:TSO, Crypt, Tomb,
                  | Pan, Slime:5, Hells, Abyss, Orb
     0 | D:1      | 0 ||| PLANNING D:1-11
    85 | D:1      | Reached skill level 2 in Axes
    89 | D:1      | Found Voer's Assorted Antiques.
    97 | D:1      | 97 ||| SHOPLISTING potion of might (84 gold, have 3).
    97 | D:1      | 97 ||| SHOPLISTING scroll labelled CAEFI UXAV (21 gold,
                  | have 3).
    97 | D:1      | 97 ||| SHOPLISTING scroll labelled UCEDASELIV (21 gold,
                  | have 3).
   179 | D:1      | Found Ucez's Magic Scroll Boutique.
   188 | D:1      | 188 ||| BUYING scroll of identify (22 gold).
   188 | D:1      | Bought a scroll of identify for 22 gold pieces
   188 | D:1      | 188 ||| BUYING scroll of identify (22 gold).
   188 | D:1      | Bought a scroll of identify for 22 gold pieces
   219 | D:1      | Found Viddeuss's Jewellery Shoppe.
   222 | D:1      | 222 ||| SHOPLISTING +4 ring of evasion (396 gold, have 2).
   222 | D:1      | 222 ||| SHOPLISTING +6 ring of dexterity (396 gold, have
                  | 2).
   222 | D:1      | 222 ||| SHOPLISTING ring of fire (275 gold, have 2).
   222 | D:1      | 222 ||| SHOPLISTING ring of ice (275 gold, have 2).
   222 | D:1      | 222 ||| SHOPLISTING ring of resist corrosion (220 gold,
                  | have 2).
   285 | D:1      | Found Noanneac's Weapon Shoppe.
   293 | D:1      | 293 ||| SHOPLISTING +0 whip (30 gold, have 2).
   293 | D:1      | 293 ||| SHOPLISTING +1 broad axe of electrocution (204
                  | gold, have 2).
   306 | D:1      | Found Huus's Assorted Antiques.
   314 | D:1      | 314 ||| SHOPLISTING coppery potion (21 gold, have 2).
   314 | D:1      | 314 ||| SHOPLISTING grey potion (21 gold, have 2).
   314 | D:1      | 314 ||| SHOPLISTING pair of gloves (108 gold, have 2).
   314 | D:1      | 314 ||| SHOPLISTING scroll labelled LEAVOS REABRUK (24
                  | gold, have 2).
   314 | D:1      | 314 ||| SHOPLISTING scroll labelled LEN ECLUIKLELL (24
                  | gold, have 2).
   314 | D:1      | 314 ||| SHOPLISTING scroll labelled MELIOSMYTASI (24 gold,
                  | have 2).
   314 | D:1      | 314 ||| SHOPLISTING scroll labelled UCEDASELIV (24 gold,
                  | have 2).
   314 | D:1      | 314 ||| SHOPLISTING scroll labelled UGIS UVONIP (24 gold,
                  | have 2).
   314 | D:1      | 314 ||| SHOPLISTING small gilded ring (120 gold, have 2).
   344 | D:1      | Reached XP level 2. HP: 18/19 MP: 2/2
   520 | D:1      | Found a faded altar of an unknown god.
   715 | D:1      | 715 ||| UPGRADING to +0 plate armour.
   725 | D:1      | 725 ||| DROPPING +0 scale mail.
   726 | D:1      | 726 ||| READING scroll labelled PABBUK JIEPRA.
   727 | D:1      | 727 ||| READING scroll labelled CUASHYRYAG.
   728 | D:1      | 728 ||| DRINKING 2 yellow potions.
   729 | D:1      | 729 ||| READING 4 scrolls of identify.
   729 | D:1      | 729 ||| IDENTIFYING white potion
   730 | D:1      | 730 ||| READING 3 scrolls of identify.
   730 | D:1      | 730 ||| IDENTIFYING bubbling clear potion
   836 | D:2      | 836 ||| DROPPING +0 club.
  1266 | D:2      | Reached skill level 3 in Axes
  1353 | D:2      | Reached XP level 3. HP: 19/23 MP: 3/3
  1627 | D:2      | 1627 ||| UPGRADING to +6 ring of dexterity.
  1628 | D:2      | 1628 ||| READING scroll labelled UGIS UVONIP.
  1688 | D:3      | Found a stormy altar of Qazlal.
  1836 | D:3      | You fall into a shaft and drop 1 floor!
  1846 | D:4      | 1846 ||| READING scroll labelled QUALUS QOGIPINUHUTH.
  1847 | D:4      | 1847 ||| READING scroll labelled SIRIMI QAHAP BENIF.
  1853 | D:4      | 1853 ||| STAIRDANCE
  1991 | D:3      | 1991 ||| Stepping ~*~*~tactically~*~*~ (stealth).
  1995 | D:3      | 1995 ||| Stepping ~*~*~tactically~*~*~ (stealth).
  1999 | D:3      | Reached XP level 4. HP: 22/28 MP: 4/4
  2131 | D:3      | Reached skill level 4 in Axes
  2138 | D:3      | Reached skill level 1 in Dodging
  2251 | D:3      | Reached XP level 5. HP: 32/32 MP: 5/5
  2290 | D:3      | 2290 ||| DROPPING +0 mace.
  2333 | D:3      | 2333 ||| DROPPING orb of mayhem.
  2334 | D:3      | 2334 ||| UPGRADING to ring of see invisible.
  2335 | D:3      | 2335 ||| READING 6 scrolls of identify.
  2335 | D:3      | 2335 ||| IDENTIFYING coppery potion
  2895 | D:4      | Noticed a phantom
  2907 | D:4      | Killed a phantom
  2908 | D:4      | Reached skill level 5 in Axes
  2908 | D:4      | Reached XP level 6. HP: 32/37 MP: 6/6
  3200 | D:4      | 3200 ||| UPGRADING to +0 pair of gloves.
  3205 | D:4      | 3205 ||| READING scroll labelled UCEDASELIV.
  3206 | D:4      | 3206 ||| READING scroll labelled ONIRO WEGEQA.
  3207 | D:4      | 3207 ||| DRINKING 2 metallic silvery potions.
  3260 | D:5      | Entered Level 5 of the Dungeon
  3369 | D:5      | Reached XP level 7. HP: 38/44 MP: 7/7
  3513 | D:5      | Found a shadowy altar of Dithmenos.
  3548 | D:5      | Reached skill level 6 in Axes
  3552 | D:5      | 3552 ||| DRINKING potion of curing.
  3552 | D:5      | 3552 ||| (to cure confusion)
  3863 | D:5      | 3863 ||| UPGRADING to +2 cloak.
  3868 | D:5      | 3868 ||| READING 9 scrolls of identify.
  3868 | D:5      | 3868 ||| IDENTIFYING purple potion
  3869 | D:5      | 3869 ||| READING 8 scrolls of identify.
  3869 | D:5      | 3869 ||| IDENTIFYING brown potion
  3870 | D:5      | 3870 ||| READING 7 scrolls of identify.
  3870 | D:5      | 3870 ||| IDENTIFYING cyan potion
  3871 | D:5      | 3871 ||| DROPPING potion of magic.
  3872 | D:5      | 3872 ||| DROPPING potion of brilliance.
  3873 | D:5      | 3873 ||| DROPPING potion of degeneration.
  3895 | D:6      | 3895 ||| STAIRDANCE
  3900 | D:6      | 3900 ||| STAIRDANCE
  3947 | D:6      | 3947 ||| STAIRDANCE
  4133 | D:6      | 4133 ||| STAIRDANCE
  4232 | D:6      | Found a white marble altar of Elyvilon.
  4448 | D:6      | Reached skill level 7 in Axes
  4707 | D:6      | Reached XP level 8. HP: 42/48 MP: 8/8
  4748 | D:6      | Found Labbu's Weapon Shoppe.
  4751 | D:6      | 4751 ||| BUYING +0 morningstar (44 gold).
  4751 | D:6      | Bought a +0 morningstar for 44 gold pieces
  4751 | D:6      | 4751 ||| DROPPING +0 flail.
  5210 | D:6      | 5210 ||| Stepping ~*~*~tactically~*~*~ (hiding).
  5429 | D:6      | 5429 ||| DROPPING scarf of repulsion.
  5430 | D:6      | 5430 ||| READING 2 scrolls labelled JOITOTUWUM.
  5435 | D:6      | 5435 ||| READING 7 scrolls of identify.
  5435 | D:6      | 5435 ||| IDENTIFYING grey potion
  5436 | D:6      | 5436 ||| READING 6 scrolls of identify.
  5436 | D:6      | 5436 ||| IDENTIFYING viscous dark potion
  5437 | D:6      | 5437 ||| DROPPING potion of berserk rage.
  5599 | D:7      | Reached skill level 8 in Axes
  5643 | D:7      | 5643 ||| Stepping ~*~*~tactically~*~*~ (hiding).
  5847 | D:7      | Found a staircase to the Ecumenical Temple.
  5848 | D:7      | 5848 ||| PLANNING TEMPLE
  5852 | Temple   | Entered the Ecumenical Temple
  5862 | Temple   | 5862 ||| PLANNING OKAWARU WORSHIP
  5869 | Temple   | Became a worshipper of Warmaster Okawaru
  5870 | Temple   | 5870 ||| PLANNING D:1-11
  5917 | D:7      | Reached skill level 6 in Fighting
  5998 | D:7      | Found Wusmimp's Book Shop.
  6017 | D:7      | 6017 ||| Stepping ~*~*~tactically~*~*~ (hiding).
  6205 | D:7      | 6205 ||| Stepping ~*~*~tactically~*~*~ (stealth).
  6211 | D:7      | 6211 ||| Stepping ~*~*~tactically~*~*~ (stealth).
  6228 | D:7      | Reached XP level 9. HP: 47/55 MP: 9/9
  6284 | D:7      | 6284 ||| Stepping ~*~*~tactically~*~*~ (hiding).
  6286 | D:7      | 6286 ||| Stepping ~*~*~tactically~*~*~ (hiding).
  6290 | D:7      | 6290 ||| DRINKING potion of curing.
  6290 | D:7      | 6290 ||| (to cure confusion)
  6378 | D:8      | Found a broken altar of Ashenzari.
  6383 | D:8      | Reached skill level 9 in Axes
  6435 | D:8      | 6435 ||| Stepping ~*~*~tactically~*~*~ (stealth).
  6570 | D:8      | 6570 ||| Stepping ~*~*~tactically~*~*~ (hiding).
  6571 | D:8      | 6571 ||| Stepping ~*~*~tactically~*~*~ (hiding).
  6798 | D:8      | 6798 ||| Stepping ~*~*~tactically~*~*~ (stealth).
  6800 | D:8      | 6800 ||| Stepping ~*~*~tactically~*~*~ (stealth).
  6802 | D:8      | 6802 ||| Stepping ~*~*~tactically~*~*~ (hiding).
  6829 | D:8      | Noticed Prince Ribbit
  6842 | D:8      | Reached * piety under Okawaru
  6843 | D:8      | Reached skill level 6 in Armour
  6843 | D:8      | 6843 ||| INVOKING Heroism.
  6846 | D:8      | HP: 13/55 [gnoll/+0 halberd[a gnoll bouda] (4)]
  6847 | D:8      | 6847 ||| READING scroll of teleportation.
  6848 | D:8      | 6848 ||| DRINKING 2 potions of heal wounds.
  7275 | D:8      | 7275 ||| INVOKING Heroism.
  7293 | D:8      | Killed Prince Ribbit
  7297 | D:8      | 7297 ||| Stepping ~*~*~tactically~*~*~ (hiding).
  7396 | D:8      | 7396 ||| SWAPPING to +1 war axe of freezing.
  7397 | D:8      | 7397 ||| DROPPING +0 war axe.
  7452 | D:8      | Reached skill level 1 in Invocations
  7463 | D:8      | 7463 ||| Stepping ~*~*~tactically~*~*~ (hiding).
  7551 | D:8      | 7551 ||| INVOKING Heroism.
  7554 | D:8      | 7554 ||| Stepping ~*~*~tactically~*~*~ (hiding).
  7736 | D:8      | 7736 ||| READING scroll labelled KUIFALUOPAA.
  7737 | D:8      | 7737 ||| READING scroll labelled TUEC WOLID.
  7737 | D:8      | Identified a scroll of acquirement
  7737 | D:8      | 7737 ||| ACQUIRING +5 broad axe "Timuocoe" {vorpal, rF+
                  | rN++}
  7737 | D:8      | Acquired the +5 broad axe "Timuocoe" {vorpal, rF+ rN++}
  7739 | D:8      | 7739 ||| SWAPPING to +5 broad axe "Timuocoe" {vorpal, rF+
                  | rN++}.
  7740 | D:8      | 7740 ||| DROPPING +1 war axe of freezing.
  7741 | D:8      | 7741 ||| READING scroll labelled RINUGG PAIC.
  7742 | D:8      | 7742 ||| READING 5 scrolls of identify.
  7742 | D:8      | 7742 ||| IDENTIFYING silvery potion
  7743 | D:8      | 7743 ||| DROPPING potion of invisibility.
  7803 | D:9      | 7803 ||| Stepping ~*~*~tactically~*~*~ (hiding).
  7804 | D:9      | 7804 ||| Stepping ~*~*~tactically~*~*~ (hiding).
  7807 | D:9      | Reached skill level 3 in Invocations
  7808 | D:9      | 7808 ||| INVOKING Heroism.
  7852 | D:9      | 7852 ||| Stepping ~*~*~tactically~*~*~ (hiding).
  7859 | D:9      | Reached skill level 1 in Throwing
  7915 | D:9      | Found Wuochic's Tremendous Tomes.
  7993 | D:9      | Reached XP level 10. HP: 63/63 MP: 12/12
  8006 | D:9      | 8006 ||| INVOKING Heroism.
  8014 | D:9      | Reached ** piety under Okawaru
  8015 | D:9      | Reached skill level 10 in Axes
  8254 | D:9      | Found a glowing silver altar of Zin.
  8269 | D:9      | Found a shimmering blue altar of Sif Muna.
  8279 | D:9      | Noticed a two-headed ogre
  8280 | D:9      | 8280 ||| Stepping ~*~*~tactically~*~*~ (hiding).
  8281 | D:9      | 8281 ||| INVOKING Heroism.
  8295 | D:9      | Killed a two-headed ogre
  8481 | D:9      | Found a staircase to the Lair.
  8732 | D:9      | 8732 ||| Stepping ~*~*~tactically~*~*~ (hiding).
  8737 | D:9      | 8737 ||| INVOKING Heroism.
  8784 | D:9      | 8784 ||| Stepping ~*~*~tactically~*~*~ (hiding).
  8785 | D:9      | 8785 ||| Stepping ~*~*~tactically~*~*~ (hiding).
  8794 | D:9      | 8794 ||| INVOKING Heroism.
  8970 | D:10     | Entered Level 10 of the Dungeon
  8980 | D:10     | Reached *** piety under Okawaru
  8985 | D:10     | Noticed a two-headed ogre
  8986 | D:10     | 8986 ||| Stepping ~*~*~tactically~*~*~ (stealth).
  8994 | D:10     | 8994 ||| INVOKING Heroism.
  9002 | D:10     | Killed a two-headed ogre
  9003 | D:10     | 9003 ||| Stepping ~*~*~tactically~*~*~ (hiding).
  9004 | D:10     | 9004 ||| Stepping ~*~*~tactically~*~*~ (hiding).
  9007 | D:10     | Noticed a two-headed ogre
  9008 | D:10     | 9008 ||| Stepping ~*~*~tactically~*~*~ (stealth).
  9015 | D:10     | 9015 ||| Stepping ~*~*~tactically~*~*~ (stealth).
  9017 | D:10     | 9017 ||| Stepping ~*~*~tactically~*~*~ (stealth).
  9018 | D:10     | 9018 ||| Stepping ~*~*~tactically~*~*~ (stealth).
  9019 | D:10     | 9019 ||| Stepping ~*~*~tactically~*~*~ (stealth).
  9020 | D:10     | 9020 ||| Stepping ~*~*~tactically~*~*~ (stealth).
  9021 | D:10     | 9021 ||| INVOKING Heroism.
  9027 | D:10     | Killed a two-headed ogre
  9027 | D:10     | Reached **** piety under Okawaru
  9028 | D:10     | Reached skill level 11 in Axes
  9028 | D:10     | Reached XP level 11. HP: 53/69 MP: 11/14
  9186 | D:10     | Reached skill level 9 in Fighting
  9267 | D:10     | 9267 ||| INVOKING Heroism.
  9291 | D:10     | 9291 ||| INVOKING Heroism.
  9296 | D:10     | 9296 ||| Stepping ~*~*~tactically~*~*~ (stealth).
  9298 | D:10     | 9298 ||| Stepping ~*~*~tactically~*~*~ (stealth).
  9300 | D:10     | 9300 ||| Stepping ~*~*~tactically~*~*~ (stealth).
  9368 | D:10     | Identified the +0 quarterstaff of the Crushed Brambles
                  | {vorpal, rPois Str+4}
  9468 | D:10     | Found a staircase to the Orcish Mines.
  9490 | D:10     | 9490 ||| Stepping ~*~*~tactically~*~*~ (stealth).
  9493 | D:10     | 9493 ||| Stepping ~*~*~tactically~*~*~ (stealth).
  9559 | D:10     | Found a hide-covered altar of Uskayaw.
  9614 | D:10     | Reached skill level 6 in Invocations
  9619 | D:10     | 9619 ||| INVOKING Heroism.
  9623 | D:10     | HP: 6/71 [gargoyle/+0 morningstar (14)]
  9624 | D:10     | 9624 ||| READING scroll of teleportation.
  9625 | D:10     | 9625 ||| DRINKING 3 potions of heal wounds.
  9627 | D:10     | 9627 ||| Stepping ~*~*~tactically~*~*~ (hiding).
  9627 | D:10     | Noticed a deep elf pyromancer
  9628 | D:10     | 9628 ||| Stepping ~*~*~tactically~*~*~ (hiding).
  9786 | D:10     | 9786 ||| Stepping ~*~*~tactically~*~*~ (stealth).
  9788 | D:10     | 9788 ||| INVOKING Heroism.
  9791 | D:10     | 9791 ||| Stepping ~*~*~tactically~*~*~ (hiding).
  9831 | D:10     | 9831 ||| Stepping ~*~*~tactically~*~*~ (stealth).
  9835 | D:10     | 9835 ||| Stepping ~*~*~tactically~*~*~ (hiding).
  9837 | D:10     | 9837 ||| Stepping ~*~*~tactically~*~*~ (hiding).
  9840 | D:10     | 9840 ||| Stepping ~*~*~tactically~*~*~ (stealth).
  9864 | D:10     | 9864 ||| Stepping ~*~*~tactically~*~*~ (hiding).
  9873 | D:10     | 9873 ||| INVOKING Heroism.
  9874 | D:10     | Reached ***** piety under Okawaru
  9878 | D:10     | Killed a deep elf pyromancer
 10056 | D:10     | 10056 ||| Stepping ~*~*~tactically~*~*~ (stealth).
 10057 | D:10     | 10057 ||| Stepping ~*~*~tactically~*~*~ (stealth).
 10061 | D:10     | 10061 ||| INVOKING Heroism.
 10342 | D:9      | 10342 ||| PLANNING LAIR
 10407 | Lair:1   | Entered Level 1 of the Lair of Beasts
 10407 | Lair:1   | Noticed Fannar
 10408 | Lair:1   | 10408 ||| INVOKING Heroism.
 10425 | Lair:1   | Killed Fannar
 10669 | Lair:1   | You fall into a shaft and drop 1 floor!
 10823 | Lair:1   | Identified the +1 robe of Objectivity {rN+} (Okawaru gifted
                  | it to you on level 1 of the Lair of Beasts)
 10823 | Lair:1   | Received a gift from Okawaru
 10852 | Lair:1   | 10852 ||| Stepping ~*~*~tactically~*~*~ (stealth).
 10853 | Lair:1   | 10853 ||| INVOKING Heroism.
 10860 | Lair:1   | Reached skill level 12 in Axes
 10908 | Lair:1   | Reached XP level 12. HP: 56/76 MP: 18/18
 11022 | Lair:1   | 11022 ||| INVOKING Heroism.
 11557 | Lair:2   | 11557 ||| INVOKING Heroism.
 11565 | Lair:2   | Reached skill level 9 in Invocations
 11576 | Lair:2   | 11576 ||| INVOKING Heroism.
 11579 | Lair:2   | Reached skill level 3 in Dodging
 11690 | Lair:2   | 11690 ||| INVOKING Heroism.
 11728 | Lair:2   | Found a staircase to the Snake Pit.
 11737 | Lair:2   | 11737 ||| Stepping ~*~*~tactically~*~*~ (stealth).
 11739 | Lair:2   | 11739 ||| INVOKING Heroism.
 11742 | Lair:2   | Reached skill level 6 in Shields
 11825 | Lair:2   | 11825 ||| FLEEEEING.
 11826 | Lair:2   | 11826 ||| FLEEEEING.
 11827 | Lair:2   | 11827 ||| FLEEEEING.
 11828 | Lair:2   | 11828 ||| FLEEEEING.
 11831 | Lair:2   | 11831 ||| FLEEEEING.
 11832 | Lair:2   | 11832 ||| FLEEEEING.
 11833 | Lair:2   | 11833 ||| FLEEEEING.
 11834 | Lair:2   | 11834 ||| FLEEEEING.
 11835 | Lair:2   | 11835 ||| FLEEEEING.
 11852 | Lair:2   | 11852 ||| INVOKING Heroism.
 12164 | Lair:2   | 12164 ||| READING scroll of enchant armour.
 12164 | Lair:2   | 12164 ||| ENCHANTING +0 pair of gloves.
 12188 | Lair:2   | Found a staircase to the Swamp.
 12241 | Lair:2   | 12241 ||| FLEEEEING.
 12242 | Lair:2   | 12242 ||| FLEEEEING.
 12243 | Lair:2   | 12243 ||| FLEEEEING.
 12244 | Lair:2   | 12244 ||| FLEEEEING.
 12245 | Lair:2   | 12245 ||| FLEEEEING.
 12246 | Lair:2   | 12246 ||| INVOKING Heroism.
 12253 | Lair:2   | Reached skill level 9 in Armour
 12698 | Lair:2   | 12698 ||| DROPPING +3 chain mail.
 12699 | Lair:2   | 12699 ||| UPGRADING to amulet of reflection.
 12704 | Lair:2   | 12704 ||| DROPPING ring of willpower.
 12705 | Lair:2   | 12705 ||| UPGRADING to +4 ring of protection.
 12707 | Lair:2   | 12707 ||| READING scroll labelled LEN ECLUIKLELL.
 12771 | Lair:3   | 12771 ||| DROPPING +0 morningstar.
 12857 | Lair:3   | 12857 ||| INVOKING Heroism.
 12964 | Lair:3   | 12964 ||| INVOKING Heroism.
 12965 | Lair:3   | 12965 ||| Stepping ~*~*~tactically~*~*~ (stealth).
 13319 | Lair:3   | 13319 ||| INVOKING Heroism.
 13755 | Lair:4   | 13755 ||| INVOKING Heroism.
 13770 | Lair:4   | Identified the +5 battleaxe of Drought {speed, Str+3}
                  | (Okawaru gifted it to you on level 4 of the Lair of Beasts)
 13770 | Lair:4   | Received a gift from Okawaru
 13771 | Lair:4   | Reached skill level 13 in Axes
 13847 | Lair:4   | 13847 ||| INVOKING Heroism.
 13860 | Lair:4   | Reached XP level 13. HP: 82/82 MP: 18/20
 13894 | Lair:4   | 13894 ||| Stepping ~*~*~tactically~*~*~ (stealth).
 13896 | Lair:4   | 13896 ||| INVOKING Heroism.
 13897 | Lair:4   | 13897 ||| SWAPPING to +2 morningstar of draining.
 13898 | Lair:4   | 13898 ||| INVOKING Finesse.
 13899 | Lair:4   | 13899 ||| Stepping ~*~*~tactically~*~*~ (stealth).
 13902 | Lair:4   | 13902 ||| Stepping ~*~*~tactically~*~*~ (outnumbered).
 13905 | Lair:4   | 13905 ||| Stepping ~*~*~tactically~*~*~ (outnumbered).
 13906 | Lair:4   | 13906 ||| Stepping ~*~*~tactically~*~*~ (outnumbered).
 13907 | Lair:4   | 13907 ||| Stepping ~*~*~tactically~*~*~ (outnumbered).
 13908 | Lair:4   | 13908 ||| Stepping ~*~*~tactically~*~*~ (outnumbered).
 13917 | Lair:4   | 13917 ||| SWAPPING to +5 broad axe "Timuocoe" {vorpal, rF+
                  | rN++}.
 13943 | Lair:4   | 13943 ||| INVOKING Heroism.
 14137 | Lair:4   | 14137 ||| INVOKING Heroism.
 14145 | Lair:4   | Reached skill level 14 in Axes
 14169 | Lair:4   | Received a gift from Okawaru
 14424 | Lair:4   | 14424 ||| INVOKING Heroism.
 14425 | Lair:4   | 14425 ||| INVOKING Finesse.
 14428 | Lair:4   | Paralysed by a floating eye for 2 turns
 14635 | Lair:4   | 14635 ||| Stepping ~*~*~tactically~*~*~ (stealth).
 14707 | Lair:4   | Found a runed translucent door.
 14708 | Lair:4   | Found a staircase to the Slime Pits.
 14814 | Lair:4   | 14814 ||| DROPPING amulet of the acrobat.
 14815 | Lair:4   | 14815 ||| DROPPING ring of positive energy.
 14829 | Lair:5   | Entered Level 5 of the Lair of Beasts
 14832 | Lair:5   | 14832 ||| INVOKING Heroism.
 14912 | Lair:5   | 14912 ||| INVOKING Heroism.
 14920 | Lair:5   | Reached skill level 3 in Throwing
 14931 | Lair:5   | 14931 ||| Stepping ~*~*~tactically~*~*~ (stealth).
 14987 | Lair:5   | 14987 ||| Stepping ~*~*~tactically~*~*~ (stealth).
 15016 | Lair:5   | 15016 ||| INVOKING Heroism.
 15155 | Lair:5   | 15155 ||| INVOKING Heroism.
 15156 | Lair:5   | 15156 ||| SWAPPING to +2 morningstar of draining.
 15157 | Lair:5   | 15157 ||| INVOKING Finesse.
 15166 | Lair:5   | 15166 ||| SWAPPING to +5 broad axe "Timuocoe" {vorpal, rF+
                  | rN++}.
 15360 | Lair:5   | 15360 ||| INVOKING Heroism.
 15380 | Lair:5   | 15380 ||| INVOKING Finesse.
 15573 | Lair:5   | 15573 ||| INVOKING Heroism.
 15596 | Lair:5   | 15596 ||| Stepping ~*~*~tactically~*~*~ (stealth).
 15629 | Lair:5   | 15629 ||| FLEEEEING.
 15630 | Lair:5   | 15630 ||| FLEEEEING.
 15710 | Lair:5   | 15710 ||| INVOKING Heroism.
 15731 | Lair:5   | Received a gift from Okawaru
 15782 | Lair:5   | 15782 ||| Stepping ~*~*~tactically~*~*~ (hiding).
 15786 | Lair:5   | 15786 ||| INVOKING Heroism.
 15787 | Lair:5   | 15787 ||| SWAPPING to +2 morningstar of draining.
 15788 | Lair:5   | 15788 ||| INVOKING Finesse.
 15789 | Lair:5   | 15789 ||| INVOKING Finesse.
 15790 | Lair:5   | 15790 ||| Stepping ~*~*~tactically~*~*~ (outnumbered).
 15795 | Lair:5   | 15795 ||| Stepping ~*~*~tactically~*~*~ (outnumbered).
 15819 | Lair:5   | Gained mutation: Your large and strong wings let you fly.
                  | [Gargoyle growth]
 15819 | Lair:5   | Reached XP level 14. HP: 42/90 MP: 15/21
 15838 | Lair:5   | HP: 20/90 [seven-headed hydra (3)]
 15839 | Lair:5   | 15839 ||| DRINKING 2 potions of heal wounds.
 15840 | Lair:5   | 15840 ||| INVOKING Finesse.
 15846 | Lair:5   | 15846 ||| SWAPPING to +5 broad axe "Timuocoe" {vorpal, rF+
                  | rN++}.
 15848 | Lair:5   | 15848 ||| Stepping ~*~*~tactically~*~*~ (hiding).
 15852 | Lair:5   | Received a gift from Okawaru
 15853 | Lair:5   | Reached skill level 6 in Throwing
 16136 | Lair:5   | 16136 ||| Stepping ~*~*~tactically~*~*~ (hiding).
 16138 | Lair:5   | 16138 ||| INVOKING Heroism.
 16140 | Lair:5   | 16140 ||| INVOKING Finesse.
 16236 | Lair:5   | 16236 ||| Stepping ~*~*~tactically~*~*~ (stealth).
 16287 | Lair:5   | 16287 ||| Stepping ~*~*~tactically~*~*~ (stealth).
 16288 | Lair:5   | 16288 ||| Stepping ~*~*~tactically~*~*~ (stealth).
 16290 | Lair:5   | 16290 ||| INVOKING Heroism.
 16304 | Lair:5   | Reached skill level 15 in Axes
 16425 | Lair:5   | 16425 ||| INVOKING Heroism.
 16429 | Lair:5   | Received a gift from Okawaru
 16612 | Lair:5   | 16612 ||| Stepping ~*~*~tactically~*~*~ (stealth).
 16625 | Lair:5   | 16625 ||| Stepping ~*~*~tactically~*~*~ (stealth).
 16628 | Lair:5   | 16628 ||| Stepping ~*~*~tactically~*~*~ (stealth).
 16629 | Lair:5   | 16629 ||| Stepping ~*~*~tactically~*~*~ (stealth).
 16632 | Lair:5   | 16632 ||| Stepping ~*~*~tactically~*~*~ (stealth).
 16719 | Lair:5   | 16719 ||| Stepping ~*~*~tactically~*~*~ (stealth).
 16731 | Lair:5   | 16731 ||| INVOKING Heroism.
 16732 | Lair:5   | 16732 ||| INVOKING Finesse.
 16970 | Lair:5   | 16970 ||| PLANNING D:1-11
 16970 | Lair:5   | 16970 ||| DROPPING +6 ring of dexterity.
 16971 | Lair:5   | 16971 ||| READING 15 scrolls of identify.
 16971 | Lair:5   | 16971 ||| IDENTIFYING viscous grey potion
 16972 | Lair:5   | 16972 ||| DROPPING potion of flight.
 17169 | D:11     | 17169 ||| Stepping ~*~*~tactically~*~*~ (stealth).
 17171 | D:11     | 17171 ||| Stepping ~*~*~tactically~*~*~ (hiding).
 17173 | D:11     | 17173 ||| Stepping ~*~*~tactically~*~*~ (hiding).
 17214 | D:11     | 17214 ||| FLEEEEING.
 17217 | D:11     | 17217 ||| FLEEEEING.
 17217 | D:11     | Noticed Erolcha
 17218 | D:11     | 17218 ||| STAIRDANCE
 17305 | D:10     | 17305 ||| READING 14 scrolls of identify.
 17305 | D:10     | 17305 ||| IDENTIFYING puce potion
 17306 | D:10     | 17306 ||| DROPPING potion of ambrosia.
 17310 | D:11     | 17310 ||| INVOKING Heroism.
 17311 | D:11     | 17311 ||| INVOKING Finesse.
 17323 | D:11     | Killed Erolcha
 17323 | D:11     | Received a gift from Okawaru
 17331 | D:11     | Reached skill level 12 in Fighting
 17397 | D:11     | 17397 ||| INVOKING Heroism.
 17398 | D:11     | 17398 ||| INVOKING Finesse.
 17479 | D:11     | 17479 ||| INVOKING Heroism.
 17655 | D:11     | 17655 ||| Stepping ~*~*~tactically~*~*~ (stealth).
 17656 | D:11     | 17656 ||| Stepping ~*~*~tactically~*~*~ (stealth).
 17657 | D:11     | 17657 ||| Stepping ~*~*~tactically~*~*~ (stealth).
 17674 | D:11     | 17674 ||| INVOKING Heroism.
 17683 | D:11     | Received a gift from Okawaru
 17865 | D:11     | Noticed Snorg
 17866 | D:11     | 17866 ||| INVOKING Heroism.
 17867 | D:11     | 17867 ||| INVOKING Finesse.
 17873 | D:11     | Killed Snorg
 17882 | D:11     | 17882 ||| Stepping ~*~*~tactically~*~*~ (stealth).
 17883 | D:11     | 17883 ||| Stepping ~*~*~tactically~*~*~ (stealth).
 17885 | D:11     | 17885 ||| Stepping ~*~*~tactically~*~*~ (stealth).
 17887 | D:11     | 17887 ||| Stepping ~*~*~tactically~*~*~ (stealth).
 17971 | D:11     | 17971 ||| INVOKING Heroism.
 17972 | D:11     | 17972 ||| INVOKING Finesse.
 18117 | D:11     | Found a snail-covered altar of Cheibriados.
 18222 | D:11     | 18222 ||| PLANNING D
 18327 | D:12     | 18327 ||| Stepping ~*~*~tactically~*~*~ (stealth).
 18329 | D:12     | 18329 ||| Stepping ~*~*~tactically~*~*~ (stealth).
 18337 | D:12     | 18337 ||| Stepping ~*~*~tactically~*~*~ (stealth).
 18344 | D:12     | Identified the +6 chain mail of Ytelu {Harm} (Okawaru
                  | gifted it to you on level 12 of the Dungeon)
 18344 | D:12     | Received a gift from Okawaru
 18377 | D:12     | 18377 ||| DRINKING 2 potions of curing.
 18377 | D:12     | 18377 ||| (to cure confusion)
 18378 | D:12     | 18378 ||| DRINKING potion of curing.
 18378 | D:12     | 18378 ||| (to cure confusion)
 18426 | D:12     | Identified the +7 sling of Waiplak {vorpal, Str+4 Int+6}
 18452 | D:12     | 18452 ||| READING scroll of enchant armour.
 18452 | D:12     | 18452 ||| ENCHANTING +1 pair of gloves.
 18479 | D:12     | 18479 ||| INVOKING Heroism.
 18480 | D:12     | 18480 ||| INVOKING Finesse.
 18989 | D:12     | 18989 ||| READING 13 scrolls of identify.
 18989 | D:12     | 18989 ||| IDENTIFYING sedimented brown potion
 19074 | D:13     | 19074 ||| FLEEEEING.
 19077 | D:13     | 19077 ||| FLEEEEING.
 19078 | D:13     | 19078 ||| FLEEEEING.
 19079 | D:13     | 19079 ||| FLEEEEING.
 19080 | D:13     | 19080 ||| FLEEEEING.
 19081 | D:13     | 19081 ||| FLEEEEING.
 19082 | D:13     | 19082 ||| FLEEEEING.
 19083 | D:13     | 19083 ||| FLEEEEING.
 19084 | D:13     | 19084 ||| FLEEEEING.
 19085 | D:13     | 19085 ||| FLEEEEING.
 19086 | D:13     | 19086 ||| INVOKING Heroism.
 19087 | D:13     | 19087 ||| INVOKING Finesse.
 19280 | D:13     | Identified the +2 pair of boots of Supple Strength {Str+6}
 19360 | D:13     | Noticed a tengu reaver
 19361 | D:13     | 19361 ||| Stepping ~*~*~tactically~*~*~ (hiding).
 19366 | D:13     | 19366 ||| INVOKING Heroism.
 19367 | D:13     | Found the +0 staff of Battle
 19383 | D:13     | HP: 20/92 [tengu reaver/bolt of acid (40)]
 19384 | D:13     | 19384 ||| READING 2 scrolls of teleportation.
 19385 | D:13     | 19385 ||| DRINKING 2 potions of heal wounds.
 19716 | D:13     | Reached skill level 16 in Axes
 19902 | D:13     | 19902 ||| Stepping ~*~*~tactically~*~*~ (hiding).
 19949 | D:13     | 19949 ||| INVOKING Heroism.
 20006 | D:13     | 20006 ||| INVOKING Heroism.
 20111 | D:13     | 20111 ||| INVOKING Heroism.
 20155 | D:13     | Found a gate to the Vaults.
 20156 | D:13     | 20156 ||| INVOKING Heroism.
 20170 | D:13     | Reached XP level 15. HP: 83/96 MP: 20/22
 20302 | D:13     | 20302 ||| Stepping ~*~*~tactically~*~*~ (stealth).
 20303 | D:13     | 20303 ||| INVOKING Heroism.
 20316 | D:13     | HP: 10/96 [tengu reaver/bolt of cold (28)]
 20317 | D:13     | 20317 ||| READING scroll of teleportation.
 20318 | D:13     | 20318 ||| DRINKING potion of heal wounds.
 20328 | D:13     | Killed from afar by a tengu reaver

Levels and vault maps discovered:
D:1:      ebering_trefoil_twist, layout_basic, serial_shops,
          nicolae_shop_bloodbath_and_beyond, shop, nicolae_square_shop,
          nicolae_shop_trees, nicolae_shop_statue_plus,
          shapermc_ecumenical_altar_petra, minmay_tetromino_o2
D:2:      layout_basic, grunt_decor_fettered, chequers_serial_rivers_small_b,
          dk_noncrumbling_2
D:3:      layout_basic, lemuel_doored_altar
D:4:      layout_gridville
D:5:      layout_cave_pools, amcnicky_altar_gilded, kennysheep_diamond,
          serial_park_tiny_2
D:6:      layout_basic, mainiacjoe_overflow_tiny_flanked, serial_shops,
          kennysheep_mini
D:7:      layout_rooms, temple_doors_cd, serial_shops, shop, st_stairs_5,
          minmay_statues_item
D:8:      kennysheep_seaside_town, layout_loops_ring,
          cheibrodos_ashenzari_chains, uniq_prince_ribbit1
D:9:      layout_loops_corners, mainiacjoe_overflow_catwalk_spiral,
          dpeg_oklobed_lair, nicolae_shop_i_like_big_books, grunt_ministairs_11
D:10:     layout_cave_pools, marbit_many_paths, david_orc_2, st_stairs_5,
          minivault_1, chequers_serial_rivers_micro_b,
          dilly_guarded_unrand_elemental_staff
D:11:     layout_irregular_city, slow_altar_2, uniq_erolcha, uniq_snorg
D:12:     layout_irregular_city
D:13:     layout_roguey, grunt_vaults_entry_tiered,
          hellmonk_guarded_unrand_staff_of_battle
Temple:   hellmonk_temple_two_chambers
Lair:1:   layout_roguey, minivault_25, uniq_fannar
Lair:2:   layout_gridlike, swamp_mist_pool, minmay_snake_entry_guardpost_medium,
          enter_volcano_4
Lair:3:   layout_small_grid
Lair:4:   layout_big_grid, slime_entry_2, disabler_island, grunt_megastairs_5
Lair:5:   guppyfry_lair_end_dragon, layout_regular_city,
          hangedman_lair_in_review

Skill      XL: |  1  2  3  4  5  6  7  8  9 10 11 12 13 14 |
---------------+-------------------------------------------+-----
Axes           | 2 3 4 5 7 8 9 11 12 13 14 16 | 16.0
Dodging        | 1 2 3 |  3.0
Fighting       | 4 6 7 8 9 10 11 12 | 12.0
Armour         | 4 5 6 7 8 9 10 11 | 11.0
Shields        | 4 5 6 7 8 |  8.2
Invocations    | 3 4 8 10 | 10.0
Throwing       | 1 2 5 6 |  6.1

Action                   |  1- 3 |  4- 6 |  7- 9 | 10-12 | 13-15 || total
-------------------------+-------+-------+-------+-------+-------++-------
Melee: War axe           |    70 |   105 |   319 |       |       ||   494
       Broad axe         |       |       |    13 |   390 |   554 ||   957
       Morningstar       |       |       |       |       |    72 ||    72
Throw: Boomerang         |       |       |     2 |    56 |    21 ||    79
       Javelin           |       |       |       |       |    55 ||    55
Invok: Heroism           |       |       |     4 |    26 |    30 ||    60
       Finesse           |       |       |       |       |    14 ||    14
  Use: Scroll            |     7 |     3 |    11 |     3 |     6 ||    30
       Potion            |     1 |     1 |     3 |     1 |     5 ||    11
Armor: Scale mail        |     8 |       |       |       |       ||     8
       Plate armour      |    28 |    84 |   281 |   182 |   318 ||   893
Dodge: Dodged            |    19 |    33 |   122 |   104 |   168 ||   446
Block: Buckler           |    12 |    19 |   103 |   111 |   270 ||   515
       Reflection        |       |       |       |     1 |     2 ||     3

Table legend:
 A = Non-vault XP
 B = Vault XP
 C = Vault XP percentage of total XP
 D = Non-vault monster count
 E = Vault monster count
 F = Vault count percentage of total count
                 A         B        C        D         E       F
            +---------+---------+-------+---------+---------+-------
      Total |   52183 |   35688 |  40.6 |     316 |     140 |  30.7
            +---------+---------+-------+---------+---------+-------
        D:1 |      16 |       4 |  20.0 |       9 |       2 |  18.2
        D:2 |      15 |       0 |   0.0 |       9 |       0 |   0.0
        D:3 |     143 |       0 |   0.0 |      23 |       0 |   0.0
        D:4 |     226 |       0 |   0.0 |      15 |       0 |   0.0
        D:5 |     516 |       4 |   0.8 |      21 |       1 |   4.5
        D:6 |     592 |       0 |   0.0 |      14 |       0 |   0.0
        D:7 |     969 |     154 |  13.7 |      17 |       2 |  10.5
        D:8 |     370 |    1314 |  78.0 |      10 |      21 |  67.7
        D:9 |    2211 |     962 |  30.3 |      20 |       5 |  20.0
       D:10 |    2780 |    4645 |  62.6 |      18 |      22 |  55.0
       D:11 |    4201 |    1847 |  30.5 |      18 |       3 |  14.3
       D:12 |    3463 |       0 |   0.0 |      12 |       0 |   0.0
       D:13 |    6160 |    6697 |  52.1 |      12 |      27 |  69.2
     Lair:1 |    3527 |     904 |  20.4 |      17 |       1 |   5.6
     Lair:2 |    4663 |     809 |  14.8 |      17 |       5 |  22.7
     Lair:3 |    4539 |       0 |   0.0 |      24 |       0 |   0.0
     Lair:4 |    7311 |    5119 |  41.2 |      24 |      15 |  38.5
     Lair:5 |   10481 |   13229 |  55.8 |      36 |      36 |  50.0
            +---------+---------+-------+---------+---------+-------
